 Dungeon Crawl Stone Soup version 0.18-a0-1186-gd02dc51 (webtiles) character file.

1650 4thArraOfDagon the Chopper (level 8, -1/70 HPs)
             Began as a Centaur Berserker on Jan 28, 2016.
             Was a Priest of Trog.
             Slain by a vampire (2 damage)
             ... on level 11 of the Dungeon.
             The game lasted 00:09:27 (1857 turns).

4thArraOfDagon the Chopper (Centaur Berserker)      Turns: 1857, Time: 00:09:27

Health: -1/70      AC:  9    Str: 24    XL:     8   Next: 67%
Magic:  18/18      EV:  7    Int:  6    God:    Trog [***...]
Gold:   294        SH:  0    Dex:  9    Spells: 0 memorised, 7 levels left

rFire  + . .     SeeInvis +     a - +0 hand axe
rCold  . . .     Gourm    .     d - +0 chain mail
rNeg   . . .     Faith    .     (no shield)
rPois  .         Spirit   .     (no helmet)
rElec  .         Dismiss  .     k - +0 cloak
rCorr  .         Reflect  .     (no gloves)
SustAt .         Harm     .     (no barding)
MR     ++...                    (no amulet)
Stlth  ..........               s - ring of see invisible
                                h - ring of magical power

@: exhausted, about to teleport, regenerating, slowed, very resistant to hostile
enchantments, extremely unstealthy
A: hooves 3, deformed body, fire resistance 1, speed 2, strong 1, tough skin 3,
sturdy frame 1
a: Berserk, Trog's Hand, Burn Spellbooks, Renounce Religion


You were on level 11 of the Dungeon.
You worshipped Trog.
Trog was most pleased with you.
You were near starving.

You visited 2 branches of the dungeon, and saw 13 of its levels.

You collected 294 gold pieces.

Inventory:

Hand Weapons
 a - a +0 hand axe (weapon)
Armour
 d - a +0 chain mail (worn)
 k - a +0 cloak (worn)
Jewellery
 h - a ring of magical power (left hand)
 s - a ring of see invisible (right hand)
Wands
 i - a wand of polymorph (14/24)
 v - a wand of flame (25/48)
 w - a wand of disintegration (6/24)
Scrolls
 b - a scroll of noise {unknown}
 e - a scroll of blinking {unknown}
 l - a scroll of remove curse {unknown}
 m - a scroll of teleportation
 o - 5 scrolls of enchant armour {unknown}
 r - 2 scrolls of recharging {unknown}
Potions
 f - a potion of berserk rage {unknown}
 n - a potion of cancellation {unknown}
 p - a potion of ambrosia {unknown}
 t - a potion of agility {unknown}
 u - 2 potions of curing {unknown}
Comestibles
 c - 3 bread rations
 g - 7 chunks of flesh
 j - a royal jelly
 q - 2 fruits


   Skills:
 + Level 6.1 Fighting
 * Level 7.3 Axes
 + Level 4.2 Armour
 - Level 1.3 Dodging
 + Level 2.4 Evocations


You had 7 spell levels left.
You didn't know any spells.

Dungeon Overview and Level Annotations

Branches:
Dungeon (12/15)            Temple (1/1) D:5
   Lair: D:8-11         Orc: D:9-12

Altars:
Ashenzari
Cheibriados
Dithmenos
Elyvilon
Fedhas
Gozag
Kikubaaqudgha
Okawaru
Pakellas
Qazlal
Ru
Sif Muna
Yredelemnul
Lugonu

Shops:
D:5 (


Innate Abilities, Weirdness & Mutations

You have hooves in place of feet.
Armour fits poorly on your strangely shaped body.
You cover ground very quickly.
You have extremely tough skin (AC +3).
Your flesh is heat resistant.
Your muscles are strong. (Str +2)
Your movements are slightly less encumbered by armour (ER -2).


Message History

Unknown command.
Unknown command.
Your skin crawls.
You feel resistant to hostile enchantments.
You are near starving!
Drink which item? (? for menu, Esc to quit)
Okay, then.
Read which item? (? for menu, Esc to quit)
As you read the scroll labeled JEUNAFYUBB, it crumbles to dust.
You feel strangely unstable.
It was a scroll of teleportation.
The vampire hits you.
* * * LOW HITPOINT WARNING * * *
The vampire barely misses you.
Unknown command.
Unknown command.
Unknown command.
The vampire hits you.
* * * LOW HITPOINT WARNING * * *
The vampire bites you.
You die...

#.?.# ##...#
####...# #.
#......#
#..##......##
#..#........#
#...........##
#..##......>V.#
#....)..@##
#........# ..
#.......## ..#
######..## #.#
##..## #.# ##..####
##..#
#.....#####..# #.
##).....(....###...
#.......)†...#.....


You could see a vampire (invisible).

Vanquished Creatures
  A hill giant (D:11)
  Grinder (D:3)
  A sky beast (D:7)
  A black bear (D:10)
  An ogre (D:6)
  A centaur (D:6)
  A big kobold (D:11)
  A giant frog (D:6)
  A water moccasin skeleton (D:3)
  A centaur zombie (D:5)
  A hound (D:6)
  A giant frog zombie (D:6)
  2 giant frog skeletons
  3 orc priests
  4 orc wizards
  A worker ant (D:4)
  3 adders
  2 worms (D:3)
  3 giant geckos
  14 orcs
  A ball python (D:3)
  3 bats
  2 giant cockroaches
  3 goblins
  2 hobgoblins
  7 jackals
  4 quokkas
  A giant newt (D:4)
  10 kobolds
  A rat (D:2)
78 creatures vanquished.

Notes
Turn   | Place    | Note
--------------------------------------------------------------
     0 | D:1      | 4thArraOfDagon the Centaur Berserker began the quest for the Orb.
     0 | D:1      | Reached XP level 1. HP: 19/19 MP: 1/1
   120 | D:2      | Reached XP level 2. HP: 26/26 MP: 2/2
   205 | D:2      | Found a sacrificial altar of Ru.
   252 | D:3      | Found an oddly glowing altar of Pakellas.
   266 | D:3      | Noticed Grinder
   266 | D:3      | Paralysed by Grinder for 3 turns
   310 | D:3      | Paralysed by Grinder for 7 turns
   371 | D:1      | Found a shattered altar of Ashenzari.
   377 | D:1      | Reached XP level 3. HP: 15/31 MP: 3/3
   446 | D:3      | Reached ** piety under Trog
   454 | D:3      | Killed Grinder
   454 | D:3      | Reached skill level 4 in Fighting
   454 | D:3      | Reached XP level 4. HP: 33/40 MP: 4/4
   454 | D:3      | Reached XP level 5. HP: 37/46 MP: 5/5
   498 | D:3      | Reached XP level 6. HP: 52/52 MP: 6/6
   686 | D:5      | Entered Level 5 of the Dungeon
   721 | D:5      | Found Ciekk's Weapon Shop.
   777 | D:5      | Found an iron altar of Okawaru.
   782 | D:5      | Reached skill level 5 in Axes
   931 | D:5      | Found a staircase to the Ecumenical Temple.
   938 | Temple   | Entered the Ecumenical Temple
  1143 | D:6      | Reached XP level 7. HP: 49/60 MP: 7/7
  1177 | D:6      | Reached skill level 5 in Fighting
  1324 | D:7      | Reached skill level 6 in Axes
  1364 | D:7      | Found a deep blue altar of Sif Muna.
  1456 | D:8      | Found an ancient bone altar of Kikubaaqudgha.
  1467 | D:8      | Gained mutation: Your flesh is heat resistant. [potion of mutation]
  1467 | D:8      | Gained mutation: Your spells are a little easier to cast, but a little less powerful. [potion of mutation]
  1467 | D:8      | Gained mutation: Your muscles are strong. (Str +2) [potion of mutation]
  1468 | D:8      | Lost mutation: Your spells are a little easier to cast, but a little less powerful. [potion of mutation]
  1468 | D:8      | Gained mutation: Your movements are slightly less encumbered by armour (ER -2). [potion of mutation]
  1606 | D:9      | Noticed a vampire
  1618 | D:10     | Entered Level 10 of the Dungeon
  1631 | D:10     | Reached skill level 1 in Evocations
  1631 | D:10     | Reached XP level 8. HP: 69/69 MP: 8/8
  1666 | D:10     | Reached *** piety under Trog
  1829 | D:11     | Noticed a hill giant
  1841 | D:11     | Killed a hill giant
  1841 | D:11     | Reached skill level 7 in Axes
  1850 | D:12     | Noticed a cyclops
  1851 | D:12     | HP: 2/70 [cyclops/large rock (24)]
  1857 | D:11     | HP: 1/70 [vampire (5)]
  1857 | D:11     | Slain by a vampire

Vault maps used:
D:1:      minmay_arrival_three_doors, evilmike_ruin_ashenzari
D:2:      xom_teletrap_fun, lemuel_doored_altar, grunt_temple_overflow_open
D:3:      nicolae_overflow_hidden_temple, grunt_pakellas_salt, uniq_grinder
D:4:      serial_shops, nicolae_shop_trees, first_bread, grunt_decor_arrowhead,
          wad_orctagon
D:5:      minmay_temple_entry_glass, serial_shops, kennysheep_mini_moat,
          okawaru_trees_2, uniq_edmund
D:6:      old_standard_altar
D:7:      led_sif_book, old_standard_altar
D:8:      lemuel_round_altar, lemuel_crystal_altar, serial_shops, shop
D:9:      nicolae_tso_besieged_by_evil, minmay_lair_entry_lava, uniq_pikel
D:12:     david_orc_4, serial_shops, nicolae_shop_overgrown_old_shop,
          grunt_tengu_nest
Temple:   corrupted_temple

Action                   |  1- 3 |  4- 6 |  7- 9 || total
-------------------------+-------+-------+-------++-------
Melee: Hand axe          |    84 |    62 |    76 ||   222
Invok: Berserk           |     3 |     6 |     6 ||    15
       Trog's Hand       |       |     1 |     1 ||     2
  Use: Scroll            |       |       |     3 ||     3
       Potion            |       |       |     2 ||     2
  Eat: Chunk             |       |    10 |     6 ||    16
